 Dungeon Crawl Stone Soup version 0.16-a0-1218-g8731af7 (webtiles) character file.

52 tedric the Insei (level 3, -2/23 HPs)
             Began as an Octopode Transmuter on Oct 14, 2014.
             Was an Initiate of Cheibriados.
             Slain by a centaur (3 damage)
             ... on level 5 of the Dungeon.
             The game lasted 00:04:45 (537 turns).

tedric the Insei (Octopode Transmuter)               Turns: 537, Time: 00:04:45

Health: -2/23      AC:  1    Str: 10    XL:     3   Next: 85%
Magic:  7/8        EV: 12    Int: 16    God:    Cheibriados [......]
Gold:   15         SH:  0    Dex: 14    Spells: 1 memorised, 8 levels left

rFire  . . .     SeeInvis .       - Unarmed
rCold  . . .     Clarity  .     (no shield)
rNeg   . . .     SustAb   .     (helmet restricted)
rPois  .         Gourm    .     (no amulet)
rElec  .         Spirit   .     (no ring)
rCorr  .         Warding  .     (no ring)
rMut   .         Stasis   .     (no ring)
MR     .....                    (no ring)
Stlth  ++........               (no ring)
                                (no ring)
                                (no ring)
                                (no ring)

@: very slightly contaminated, hasted, very quick, not resistant to hostile
enchantments, unstealthy
A: almost no armour, amphibious, 8 rings, constrict 8, camouflage 1, gelatinous
body 1
a: Bend Time, Renounce Religion


You were on level 5 of the Dungeon.
You worshipped Cheibriados.
Cheibriados was noncommittal.
You were not hungry.

You visited 1 branch of the dungeon, and saw 5 of its levels.

You collected 15 gold pieces.

Inventory:

Scrolls
 c - 2 scrolls of identify {unknown}
 e - a scroll of recharging {unknown}
 f - a scroll of amnesia {unknown}
 h - a scroll of enchant armour {unknown}
 i - a scroll of magic mapping {unknown}
Books
 d - a book of Changes

   Spells                             Type                      Level
   *Beastly Appendage                 Transmutation                1
   Sticks to Snakes                   Transmutation                2
   Spider Form                        Transmutation/Poison         3
   Ice Form                           Ice/Transmutation            4
   Blade Hands                        Transmutation                5
Comestibles
 a - a bread ration
 b - a meat ration
 j - 3 fruits


   Skills:
 - Level 1.1 Fighting
 - Level 2.1 Dodging
 + Level 3.8 Unarmed Combat
 * Level 3.5 Spellcasting
 + Level 3.0 Transmutations


You had 8 spell levels left.
You knew the following spells:

 Your Spells              Type           Power        Failure   Level  Hunger
a - Beastly Appendage     Trmt           ##....       8%          1    None


Dungeon Overview and Level Annotations

Branches:
Dungeon (5/15)
 Temple: D:4-7

Altars:
Cheibriados

Annotations:
D:5 Edmund


Innate Abilities, Weirdness & Mutations

You cannot wear most types of armour.
You are amphibious.
You can wear up to eight rings at the same time.
You can use your tentacles to constrict many enemies at once.
Your skin changes colour to match your surroundings (Stealth).
Your rubbery body absorbs attacks (AC +1).


Message History

* * * LOW HITPOINT WARNING * * *
Edmund the Younger comes into view.
He is wielding a runed flail.
Drink which item? (? for menu, Esc to quit)
You feel yourself speed up.
Cheibriados forgives your accidental hurry, just this once.
It was a potion of haste.
The bat barely misses you. The centaur hits you.
* * * LOW HITPOINT WARNING * * *
The centaur barely misses you.
Unknown command.
You barely miss the centaur.
You squeeze the centaur, but do no damage.
The bat barely misses you. The centaur hits you.
* * * LOW HITPOINT WARNING * * *
You tentacle-slap the hobgoblin. You squeeze the hobgoblin.
You kill the hobgoblin!
The bat closely misses you.
You tentacle-slap the centaur.
The centaur is lightly wounded.
The bat barely misses you. The centaur hits you.
You die...

.>. #.?.....
......!
%.....
#....# .
##..$.###..
#..........
#...........
#.@b..#
#!c...#
#......#
#.......+
#.......#
#.....@##
#......#
#....... ...


You could see Edmund, a centaur and a bat.

Vanquished Creatures
  An orc wizard (D:3)
  3 orcs
  A giant cockroach (D:2)
  4 goblins
  2 hobgoblins
  2 ball pythons (D:2)
  3 bats
  A giant gecko (D:1)
  3 kobolds
  5 rats
25 creatures vanquished.

Notes
Turn   | Place    | Note
--------------------------------------------------------------
     0 | D:1      | tedric, the Octopode Transmuter, began the quest for the Orb.
     0 | D:1      | Reached XP level 1. HP: 13/13 MP: 3/3
   210 | D:3      | Found a snail-covered altar of Cheibriados.
   211 | D:3      | Noticed an orc wizard
   219 | D:2      | Reached XP level 2. HP: 12/18 MP: 5/5
   440 | D:3      | Killed an orc wizard
   440 | D:3      | Reached XP level 3. HP: 12/23 MP: 6/8
   467 | D:3      | Became a worshipper of Cheibriados the Contemplative
   532 | D:5      | Entered Level 5 of the Dungeon
   532 | D:5      | Noticed a centaur
   534 | D:5      | Noticed Edmund
   535 | D:5      | HP: 1/23 [centaur (6)]
   537 | D:5      | Slain by a centaur

Action                   || total
-------------------------++-------
Melee: Unarmed           ||    48
 Cast: Beastly Appendage ||     2
  Use: Potion            ||     1
 Stab: Sleeping          ||     1
  Eat: Beef jerky        ||     1
